Cogmind - Beta 16.1 @@@ ROGUE MODE // 2026.03.23 @ 23:04:31 Player: Cica Result: Destroyed by G-47 Trooper with Particle Gun Performance ------------- Evolutions (2) 1000 Regions Visited (4) 800 Robots Destroyed (33) 165 Value Destroyed (1087) 1087 Prototype IDs (1) 20 Alien Tech Used (0) 0 Bonus (0) 0 TOTAL SCORE: 3072 Bonus ------- None Cogmind --------- Core Integrity 0/550 Matter 172/300 Energy 290/290 System Corruption 0% Temperature Cool (9) Movement Treading (170) Location -8/Materials Parts ------- > --- POWER (2) -------- Reinforced Deuterium Engine > --- PROPULSION (2) --- Armored Treads > --- UTILITY (3) ------ (None) > --- WEAPON (4) ------- (None) > --- INVENTORY (5) ---- Aluminum Leg Peak State ------------ > --- POWER ------------ Light Nuclear Core > --- PROPULSION ------- Light Treads Light Treads > --- UTILITY ---------- Large Storage Unit Compact Battery Hardened Light Armor Plating > --- WEAPON ----------- Small Laser Particle Gun Particle Gun Heavy Particle Gun > --- INVENTORY -------- Ion Engine Light Ion Engine Aluminum Leg Wheel Compact Wheel Missile Launcher Plasma Cutter Plasma Cutter [Rating: 21] Favorites ----------- Power Ion Engine Engine Ion Engine Power Core Light Nuclear Core Propulsion Aluminum Leg Treads Light Treads Leg Aluminum Leg Wheel Compact Wheel Utility Large Storage Unit Device Shield Generator Storage Large Storage Unit Processor Improved Targeting Computer Protection Hardened Light Armor Plating Weapon Assault Rifle Energy Gun Particle Gun Ballistic Gun Assault Rifle Ballistic Cannon Heavy Assault Cannon Launcher Missile Launcher Special Weapon Plasma Cutter Build | -11 -10 -10 -9 -8 ------- Run | Yrd Mat Min Mat Mat Slots Evolved 4 | . . . 2 2 Power 1 | . . . 1 . Propulsion . | . . . . . Utility 1 | . . . 1 . Weapon 2 | . . . . 2 Parts Attached 42 | 5 4 3 11 19 Power 5 | 1 . . 1 3 Engine 3 | 1 . . . 2 Core 2 | . . . 1 1 Reactor . | . . . . . Propulsion 8 | 2 1 . . 5 Treads 3 | . . . . 3 Leg 4 | 2 1 . . 1 Wheel 1 | . . . . 1 Hover . | . . . . . Flight . | . . . . . Utility 10 | 1 2 . 4 3 Device 1 | . . . 1 . Storage 3 | 1 1 . . 1 Processor 2 | . . . 2 . Hackware . | . . . . . Protection 4 | . 1 . 1 2 Artifact . | . . . . . Weapon 19 | 1 1 3 6 8 Energy Gun 10 | . . 1 6 3 Energy Cannon . | . . . . . Ballistic Gun 5 | 1 1 2 . 1 Ballistic Cannon 1 | . . . . 1 Launcher 1 | . . . . 1 Special Weapon 2 | . . . . 2 Impact Weapon . | . . . . . Slashing Weapon . | . . . . . Piercing Weapon . | . . . . . Special Melee Weapon . | . . . . . Unidentified Prototypes 1 | . . . . 1 Parts Lost 26 | . . . 2 24 Power 4 | . . . 1 3 Propulsion 4 | . . . . 4 Utility 6 | . . . 1 5 Weapon 12 | . . . . 12 Highest Loss Streak 12 | . . . 1 12 To Critical Strikes . | . . . . . Average Backups 10 | 3 10 14 12 8 Power 1 | 1 1 3 2 1 Propulsion 3 | 1 4 4 4 3 Utility . | . 1 2 . . Weapon 2 | 1 2 3 3 1 Tool/Special . | . . . . . Unused Backups 5 | . . . . 5 Power 1 | . . . . 1 Propulsion 3 | . . . . 3 Utility . | . . . . . Weapon . | . . . . . Tool/Special 1 | . . . . 1 Average Slot Usage (%) 90 | . 95 99 98 75 Engine 10 | . 14 14 11 6 Core 3 | . . . 10 1 Treads 1 | . . . . 5 Leg 20 | . 28 28 22 9 Device 1 | . . . 5 . Storage 11 | . 14 14 11 7 Processor 3 | . . . 6 5 Protection 9 | . 9 14 9 7 Energy Gun 14 | . . 1 20 26 Ballistic Gun 11 | . 28 25 . . Peak Build Rating 21 | 5 10 10 16 21 Average Rating 12 | 3 8 9 14 15 On Entrance 7 | . 5 10 10 12 Avg Prop Armor Cover (%) 14 | . . . . 14 Naked Turns 4 | . . . . 4 Heaviest Build 44 | 12 34 34 43 44 Greatest Support 40 | 20 20 20 20 40 Greatest Overweight (x) 14 | . 1 1 2 14 Average Overweight (x) 1 | . . 1 1 1 Largest Inventory Capacity 15 | 8 15 15 15 15 Average Capacity 13 | 6 13 15 15 12 Most Carried 15 | 7 15 15 14 13 Average Carried 10 | 4 10 14 12 8 Final Capacity 15 | 8 15 15 15 5 Final Carried 15 | 7 15 14 13 1 Class Distribution -------------------- 73% | Mutant 18% | Gunner 8% | Tank Dominant Class ---------------- Mutant | -10/Materials Mutant | -10/Mines Mutant | -9/Materials Gunner | -8/Materials Resources | -11 -10 -10 -9 -8 ----------- Run | Yrd Mat Min Mat Mat Matter Collected 1050 | 164 365 . 151 370 Remotely . | . . . . . Salvage Created 1255 | . 417 . 176 662 Parts 70 | . 22 . 15 33 Haulers Intercepted 1 | . . . . 1 Recyclers Shooed 2 | . 1 . . 1 Parts Field Recycled . | . . . . . Retrieved Matter . | . . . . . Parts Self-Destructed . | . . . . . Prevented . | . . . . . Parts Restored . | . . . . . Kills | -11 -10 -10 -9 -8 ------- Run | Yrd Mat Min Mat Mat Combat Hostiles Destroyed 23 | . 6 . 3 14 Guns 17 | . 6 . 3 8 Cannons 2 | . . . . 2 AOE 4 | . . . . 4 Classes Destroyed 9 | . 5 . 1 3 Builder 2 | . 1 . . 1 Tunneler 2 | . 2 . . . Hauler 1 | . . . . 1 Recycler 1 | . 1 . . . Watcher 4 | . 1 . 2 1 Swarmer 3 | . . . . 3 Grunt 14 | . 6 . 1 7 Sentry 5 | . . . 2 3 Heavy 1 | . . . . 1 Best Kill Streak 6 | . 6 . 2 4 Combat Bots Only 3 | . 2 . 1 3 Max Kills in Single Turn 2 | . 1 . 1 2 Gunslinging . | . . . . . Exploded 1 | . . . . 1 Melee . | . . . . . Uniques/NPCs Destroyed . | . . . . . Combat | -11 -10 -10 -9 -8 -------- Run | Yrd Mat Min Mat Mat Hostile Shots Fired 266 | . 48 . 41 177 Missed 70 | . 17 . 11 42 Hits 196 | . 31 . 30 135 Projectile 196 | . 31 . 30 135 Critical Strikes 11 | . 1 . 1 9 Damage Taken 3193 | . 428 . 407 2358 Core 657 | . 77 . 26 554 Absorbed by Shields 35 | . . . 35 . Redirected to Shielding 51 | . . . . 51 Core Remaining (%) 87 | 100 . 69 93 . Volleys Fired 126 | . 45 . 22 59 Largest 4 | . 2 . 2 4 Hottest 225 | . 40 . 130 225 Shots Fired 264 | . 90 . 41 133 Gun 241 | . 90 . 41 110 Cannon 12 | . . . . 12 Launcher 9 | . . . . 9 Special 2 | . . . . 2 Kinetic 109 | . 90 . . 19 Thermal 88 | . . . 20 68 Explosive 9 | . . . . 9 Electromagnetic 58 | . . . 21 37 Robot Hit Streak 13 | . 9 . 7 13 Robot Miss Streak 7 | . 7 . 6 6 Penetration Max . | . . . . . Secondary Targets 1 | . 1 . . . Max Gunslinging Chain 1 | . 1 . . . Shots Hit Robots 154 | . 51 . 22 81 Core Hits 70 | . 23 . 8 39 Critical Kills . | . . . . . Critical Parts Destroyed . | . . . . . Critical Strikes 1 | . . . . 1 Corrupt 1 | . . . . 1 Melee Attacks . | . . . . . Impact . | . . . . . Slashing . | . . . . . Piercing . | . . . . . Sneak Attacks . | . . . . . Combat Hostiles . | . . . . . Follow-up Attacks . | . . . . . Damage Inflicted 2989 | . 733 . 283 1973 Guns 2077 | . 733 . 283 1061 Cannons 401 | . . . . 401 Explosions 497 | . . . . 497 Melee . | . . . . . Ramming 4 | . . . . 4 Kinetic 1207 | . 733 . . 474 Thermal 935 | . . . 140 795 Explosive 417 | . . . . 417 Electromagnetic 426 | . . . 143 283 Impact . | . . . . . Slashing . | . . . . . Piercing . | . . . . . Highest Corruption . | . . . . . Average Corruption . | . . . . . Corruption Purged . | . . . . . Corruption Blocked . | . . . . . Overload Shots . | . . . . . Overflow Damage 59 | . . . . 59 Projectiles 52 | . . . . 52 Explosions 7 | . . . . 7 Melee . | . . . . . Knockbacks 3 | . . . . 3 Impact . | . . . . . Kinetic 3 | . . . . 3 Secondary . | . . . . . Self-Inflicted Damage 22 | . . . . 22 Shots 1 | . . . . 1 Rammed 2 | . . . . 2 Targets Rammed 3 | . . . . 3 Kicked 1 | . . . . 1 Crushed . | . . . . . Highest Temperature 839 | . 73 . 353 839 Average Temperature 172 | . 29 . 169 210 Received Heat Transfer 1472 | . 261 . 122 1089 Effects 39 | . . . 9 30 Shutdowns 6 | . . . 2 4 Energy Bleed 4 | . . . 2 2 Interference 10 | . . . 4 6 Matter Decay 3 | . . . . 3 Short Circuit 5 | . . . . 5 Damage (minor) 2 | . . . 1 1 Damage (major) 8 | . . . . 8 Damage (core) 1 | . . . . 1 Siege Activations . | . . . . . Martial Activations . | . . . . . Shielding Activations . | . . . . . Robots Disrupted . | . . . . . Combat Hostiles . | . . . . . Robots Corrupted . | . . . . . Combat Hostiles . | . . . . . Parts Fried 2 | . . . 1 1 Impact Corruptions . | . . . . . Robots Melted . | . . . . . Combat Hostiles . | . . . . . Parts Melted 2 | . . . 1 1 Heat Transferred 1979 | . . . 370 1609 Parts Sabotaged . | . . . . . Parts Stolen . | . . . . . Parts Stripped . | . . . . . Power Chain Reactions 2 | . . . . 2 Alert | -11 -10 -10 -9 -8 ------- Run | Yrd Mat Min Mat Mat Maximum Alert Level . | . . . . . Low Security (%) 100 | 100 100 100 100 100 Level 1 . | . . . . . Level 2 . | . . . . . Level 3 . | . . . . . Level 4 . | . . . . . Level 5 . | . . . . . High Security . | . . . . . Max Security . | . . . . . Peak Influence 172 | . 65 15 35 172 Initial 15 | . . 15 . 9 Average 37 | . 17 1 6 100 Influence Increases 818 | . 182 . 134 502 Destroy 0b10 Robot/C 460 | . 120 . 60 280 Destroy 0b10 Robot/NC 50 | . 25 . 10 15 Destroy Leader 150 | . 32 . 34 84 Successful Hack 5 | . 5 . . . Disable Machine 90 | . . . 30 60 Destroy Structure 63 | . . . . 63 Influence Decreases 806 | . 141 41 112 512 Entered New Map 39 | . . 26 . 13 Time Decay 507 | . 141 15 92 259 Lost Part 260 | . . . 20 240 Squads Dispatched 4 | . . . 1 3 Investigation 1 | . . . . 1 Extermination . | . . . . . Reinforcement 3 | . . . 1 2 Assault . | . . . . . Garrison . | . . . . . Intercept . | . . . . . Searches Triggered . | . . . . . Construction Impeded 1 | . . . . 1 Haulers Reinforced . | . . . . . Active Scanning Responses . | . . . . . Cargo Convoy Interrupts . | . . . . . Stealth | -11 -10 -10 -9 -8 --------- Run | Yrd Mat Min Mat Mat Distress Signals 5 | . 2 . 2 1 Communications Jammed . | . . . . . Distress Signals . | . . . . . Times Spotted 38 | . 12 . 7 19 Peak Tracking Total 6 | . 5 . 2 6 Tactical Retreats . | . . . . . Traps | -11 -10 -10 -9 -8 ------- Run | Yrd Mat Min Mat Mat Traps Triggered 1 | . . . . 1 Indirectly . | . . . . . Trap Hack Attempts . | . . . . . Triggered . | . . . . . Disarmed . | . . . . . Reprogrammed . | . . . . . Reused . | . . . . . Traps Extracted . | . . . . . Installed . | . . . . . Triggered . | . . . . . Machines | -11 -10 -10 -9 -8 ---------- Run | Yrd Mat Min Mat Mat Machines Disabled 6 | . . . 2 4 Max in Single Turn 1 | . . . 1 1 Machines Repaired . | . . . . . Machines Dismantled . | . . . . . Machines Sabotaged . | . . . . . Overloaded Fab Kills . | . . . . . Hacking | -11 -10 -10 -9 -8 --------- Run | Yrd Mat Min Mat Mat Machines Accessed 1 | . 1 . . . Terminals 1 | . 1 . . . Fabricators . | . . . . . Repair Stations . | . . . . . Recycling Units . | . . . . . Scanalyzers . | . . . . . Garrison Access . | . . . . . Total Hacks 2 | . 2 . . . Successful 2 | . 2 . . . Failed . | . . . . . Catastrophic . | . . . . . Database Lockouts . | . . . . . Manual . | . . . . . Terminals 2 | . 2 . . . Fabricators . | . . . . . Repair Stations . | . . . . . Recycling Units . | . . . . . Scanalyzers . | . . . . . Garrison Access . | . . . . . Terminal Hacks 2 | . 2 . . . Record 1 | . 1 . . . Hauler Manifests 1 | . 1 . . . Fabricator Hacks . | . . . . . Repair Station Hacks . | . . . . . Recycling Unit Hacks . | . . . . . Scanalyzer . | . . . . . Garrison Access Hacks . | . . . . . Unauthorized Hacks . | . . . . . Terminals . | . . . . . Fabricators . | . . . . . Repair Stations . | . . . . . Recycling Units . | . . . . . Scanalyzers . | . . . . . Garrison Access . | . . . . . Data Cores Recovered . | . . . . . Used . | . . . . . Hacking Detections . | . . . . . Full Trace Events . | . . . . . Feedback Events . | . . . . . Feedback Blocked . | . . . . . Robot Schematics Acquired . | . . . . . Robots Built . | . . . . . Authchips . | . . . . . Time . | . . . . . Total Robot Build Rating . | . . . . . Part Schematics Acquired . | . . . . . Parts Built . | . . . . . Authchips . | . . . . . Time . | . . . . . Total Part Build Rating . | . . . . . Part Studies Acquired . | . . . . . Parts Repaired . | . . . . . Time . | . . . . . Parts Recycled . | . . . . . Recycled Matter . | . . . . . Retrieved Matter . | . . . . . Retrieved Components . | . . . . . Parts Scanalyzed . | . . . . . Part Schematics Acquired . | . . . . . Parts Damaged . | . . . . . Bothacking | -11 -10 -10 -9 -8 ------------ Run | Yrd Mat Min Mat Mat Used RIF Installer . | . . . . . Robots Hacked . | . . . . . Non-combat . | . . . . . Combat . | . . . . . Robot Hacks Applied . | . . . . . Relay Couplers Released . | . . . . . Fabnet Peak Effective % . | . . . . . Robots Rewired . | . . . . . Allies Hacked . | . . . . . Hacks Repelled . | . . . . . Allies | -11 -10 -10 -9 -8 -------- Run | Yrd Mat Min Mat Mat Total Allies . | . . . . . Largest Group . | . . . . . Highest-Rated Group . | . . . . . Highest-Rated Ally . | . . . . . Total Orders . | . . . . . Ally Attacks . | . . . . . Total Damage . | . . . . . Kills . | . . . . . Allies Corrupted . | . . . . . Allies Melted . | . . . . . Intel | -11 -10 -10 -9 -8 ------- Run | Yrd Mat Min Mat Mat Active Infowar (turns) . | . . . . . Robot Analysis Total . | . . . . . Derelict Logs Recovered . | . . . . . Drone Launches . | . . . . . Drone Recoveries . | . . . . . Exploration | -11 -10 -10 -9 -8 ------------- Run | Yrd Mat Min Mat Mat Turns Passed 1951 | 63 526 224 547 591 Spaces Moved 751 | 46 219 116 218 152 Core 30 | 12 . . . 18 Treads 57 | . . . . 57 Legs 663 | 34 219 116 218 76 Wheels 1 | . . . . 1 Hover . | . . . . . Flight . | . . . . . Fastest Speed 50 | 50 120 190 190 50 Average Speed 196 | 101 170 190 212 245 Slowest Speed 750 | 120 190 190 260 750 Overloaded Moves . | . . . . . Propulsion Burnouts . | . . . . . Robots Hopped . | . . . . . Potential Cave-ins . | . . . . . Cave-ins Triggered . | . . . . . Exploration Rate (%) 24 | 3 39 36 24 18 Regions Visited 4 Branch Regions 1 Pre-discovered Areas . | . . . . . Known Exits Taken . | . . . . . Unknown Exits Taken 4 | 1 1 1 1 . Scrap Searched . | . . . . . Spaces Dug . | . . . . . Terrain Destroyed 62 | . . . . 62 Melee . | . . . . . Projectile 7 | . . . . 7 AOE 55 | . . . . 55 Terrain Rammed . | . . . . . Walls Destroyed . | . . . . . Machines Disabled . | . . . . . Actions | -11 -10 -10 -9 -8 --------- Run | Yrd Mat Min Mat Mat Total 985 | 62 283 121 264 255 Wait 1 | . . . . 1 Move 747 | 45 218 115 217 152 Hop . | . . . . . Pick Up 46 | 12 13 . 8 13 Fast Attach 2 | . . 2 . . Attach 39 | 5 3 1 9 21 Detach . | . . . . . Swap 6 | . 1 . 2 3 Drop 15 | . 3 3 6 3 Fire 126 | . 45 . 22 59 Melee . | . . . . . Ram 2 | . . . . 2 Kick 1 | . . . . 1 Crush . | . . . . . Escape Stasis . | . . . . . Rewire . | . . . . . Trap . | . . . . . Miscellaneous . | . . . . . Route ------- -11/Scrapyard -10/Materials (discovered 2 exits: [*Min x2]) -10/Mines -9/Materials -8/Materials History --------- Turn | Location | Event 4 | -11/Scrapyard | Discovered new exit (range 15) 64 | -11/Scrapyard | Entered Materials 310 | -10/Materials | Build established: Mutant 356 | -10/Materials | Discovered new exit (range 11) 476 | -10/Materials | Discovered new exit (range 15) 590 | -10/Materials | Entered Mines 795 | -10/Mines | Discovered new exit (range 11) 814 | -10/Mines | Entered Materials 814 | -9/Materials | Evolved 2 slots: Power x1, Utility x1 1305 | -9/Materials | Discovered new exit (range 9) 1361 | -9/Materials | Entered another Materials area 1361 | -8/Materials | Evolved 2 slots: Weapon x2 1653 | -8/Materials | Build established: Gunner 1705 | -8/Materials | Lost 3 parts (1p2w) 1827 | -8/Materials | Lost 6 parts (1p3u2w) 1849 | -8/Materials | Core integrity fell below 50% 1918 | -8/Materials | Core integrity fell below 20% 1929 | -8/Materials | Lost 12 parts (1p3n2u6w) 1952 | -8/Materials | Destroyed by G-47 Trooper with Particle Gun Last Messages --------------- 01920_ Destroyed Imp. Heat Sink. 01920_ G-47 Trooper knocked back. 01922_ U-05 Engineer builds a Wall. 01923_ Destroyed Lgt. Nuclear Core. 01923_ G-47 Trooper knocked back. 01926_ U-05 Engineer builds a Wall. 01933_ G-47 Trooper knocked back. 01934_ U-05 Engineer builds a Wall. 01938_ Slug penetrates G-47 Trooper. 01938_ Destroyed Aluminum Leg. 01938_ Hvy. Assault Cannon destroyed. 01938_ U-05 Engineer builds a Wall. 01940_ Acquired 44 matter. 01942_ U-05 Engineer destroyed. 01944_ Acquired 21 matter. 01946_ Critical hit (Burn: +37). 01946_ U-05 Engineer builds a Wall. 01947_ Acquired Welding Torch. 01949_ Acquired 3 matter. 01950_ Welding Torch destroyed. Map ----- +----------------------------------------------------+ | | | | | | | | | | | | | | | | | | | | | ??????????????????????????????????????? | | ??????????????????????????????????????? | | ??????????????????????????????????????? | | ??????????????????????????????????????? | | ??????????????????????????????????????? | | ??????????????????????????????????????? | | ???????????###+###????????????????????? | | ??????###### #????????????????????? | | ??????# #????????????????????? | | ???????? #????????????????????? | | ?????????? #????????????????????? | | ???????????? ?????????????????????? | | ?????????????# #??????????????????????? | | ????????#??###=###?????#??????????????? | | ????????# ?#;#g####??? ###????????????? | | ????????# ## @%%###? #????????????? | | ????#####+## *% ### ##???????????? | | ????# g% + ????????? | | ????# """ # * ### #????????????? | | ????# """ # u ==# #?? #????????????? | | ????# """ *## ####?????#????????????? | | ????# ## t#?????????????????????? | | ????# ] ] !?# t#?????????????????????? | | ????######??# #?????????????????????? | | ????????????# #?????????????????????? | | ????????????# #?????????????????????? | | ????????????# #?????????????????????? | | ????????????# #?????????????????????? | | ????????????# #?????????????#???????? | | ????????????# #????????????? ???????? | | ????????????# #????????????? ???????? | | ????????????# #????????????? ???????? | | ????????? + %#????????????# #??????? | | ?????"" #% %#????????????# #??????? | | ??# "T" + #????????????# #??????? | | ??############+#####?????????# #??????? | | ?????????# #?????????# #??????? | | ?????????# #?????????# #??????? | | ?????????# """ """ #?????????# #??????? | | ?????????# """ """ ###########!#??????? | +----------------------------------------------------+ Best States ------------- Heat Dissipation 31 Energy Generation 19 Energy Capacity 360 Matter Stores 300 Matter Capacity 300 Sight Range 16 Terrain Scan Density 10 Armor Coverage 150 Weapon Shielding 33 Evasion (%) 55 Targeting Accuracy 6 Recoil Reduction 2 Item Schematics ----------------- None Robot Schematics ------------------ None Fabricated ------------ Nothing Repaired ---------- Nothing Studied --------- None Alien Tech Used ----------------- None Achievements -------------- Loot Pinata Resistances Are Futile Shopping List Challenges ------------ None Game ------ Seed SignalChipMegashotty Manual? 0 Play Time 00:16:58 Cumulative 3.4 hours Start 2026.03.23 @ 22:47:35 End 2026.03.23 @ 23:04:31 Sessions 1 Manual Loads 0 Difficulty Rogue Special Mode None Game No. 9 Rogue 9 Adventurer 0 Explorer 0 Win Type - Total 0 Types 0/0/0/0/0/0/0/0/0/0 Lore% 1 Gallery% 6 Achievement% 6 Wizard Run 0 Options --------- Layout 1 ASCII 0 Keyboard 0 Movement Mouse Keybinds 0 Fullscreen 2 Font 24/Smallcaps Map View 50x35 Zoom Use 0% Tactical HUD 1 Map Filters NONE Filters NONE Steam 1 RUN: 60929aa9-e0f2-435b-bf58-fa617d8c2787